 Dungeon Sprint DCSS version 0.20.1-1-g8b1a95d (webtiles) character file.

8444422 wojtek the Skullcrusher (level 22, 149/209 HPs)
             Began as a Minotaur Fighter on Dec 27, 2017.
             Was the Champion of Trog.
             Escaped with the Orb
             ... and 5 runes!
             The game lasted 00:52:58 (20215 turns).

wojtek the Skullcrusher (Minotaur Fighter)         Turns: 20215, Time: 00:52:58

Health: 149/209    AC: 31    Str: 35    XL:     22   Next: 15%
Magic:  34/34      EV: 26    Int:  5    God:    Trog [******]
Gold:   232        SH: 32    Dex: 12    Spells: 23/23 levels left

rFire    + + .     SeeInvis +   a - +12 demon whip of the Vulture {freeze, rF+ rN+}
rCold    + + .     Gourm    .   c - +3 large shield {rF+}
rNeg     + + .     Faith    .   M - +3 ice dragon scales
rPois    +         Spirit   .   (helmet restricted)
rElec    +         Reflect  .   S - +2 cloak
rCorr    .         Harm     .   D - +0 pair of gloves
MR       +....     NoTele   +   l - +0 pair of boots {Fly}
Stlth    +++.......             I - amulet of the Last Songs {+Rage rElec rF+ SInv}
Regen    0.5/turn               E - ring "Komn" {Wiz rPois rN+ SInv}
MPRegen  0.3/turn               G - +6 ring of strength

@: flying
A: retaliatory headbutt, horns 2, frail 1, low mp 1
0: Orb of Zot
}: 5/15 runes: decaying, serpentine, barnacled, silver, gossamer
a: Berserk, Trog's Hand, Brothers in Arms, Burn Spellbooks, Renounce Religion,
Evoke Berserk Rage, Stop Flying


You escaped.
You worshipped Trog.
Trog was exalted by your worship.
You were not hungry.

You visited 1 branch You collected 1969 gold pieces.
You spent 1737 gold pieces at shops.

Inventory:

Hand Weapons
 a - the +12 demon whip of the Vulture (weapon) {freeze, rF+ rN+}
   (Trog gifted it to you in the Dungeon)

   It has been specially enchanted to freeze those struck by it, causing extra
   injury to most foes and up to half again as much damage against particularly
   susceptible opponents.
   It can also slow down cold-blooded creatures.
   It protects you from fire.
   It protects you from negative energy.
 b - the +3 demon whip of Trog's Benevolence {freeze, Dex+3}
   (Trog gifted it to you in the Dungeon)

   It has been specially enchanted to freeze those struck by it, causing extra
   injury to most foes and up to half again as much damage against particularly
   susceptible opponents.
   It can also slow down cold-blooded creatures.
   It affects your dexterity (+3).
 i - a +4 antimagic great mace
 A - the +4 dire flail of Law {crush, rElec rPois, unknown}
   (Trog gifted it to you in the Dungeon)

   It inflicts extra damage upon your enemies.
   It insulates you from electricity.
   It protects you from poison.
 F - a +0 great mace of holy wrath
 T - the +1 mace of the Volcano {crush, rC- Str+2 Stlth+, unknown}
   (Trog gifted it to you in the Dungeon)

   It inflicts extra damage upon your enemies.
   It affects your strength (+2).
   It makes you vulnerable to cold.
   It makes you more stealthy.
 U - a +0 whip
 Y - the +6 morningstar of Optimism {vamp, *Contam Str+3 Int+3, unknown}
   (Trog gifted it to you in the Dungeon)

   It inflicts no extra harm, but heals its wielder when it wounds a living foe.
   It affects your strength (+3).
   It affects your intelligence (+3).
   It causes magical contamination when unequipped.
Missiles
 v - 2 throwing nets (quivered)
Armour
 c - a +3 large shield of fire resistance (worn)
 l - a +0 pair of boots of flying (worn)
 r - the +2 swamp dragon scales "Vinar" {+Fly rPois rCorr Dex+2}
   (You found it in the Dungeon)

   It affects your dexterity (+2).
   It protects you from poison.
   It lets you fly.
   It protects you from acid and corrosion.
 s - a +3 large shield of protection
 D - a +0 pair of gloves (worn)
 M - +3 ice dragon scales (worn)
 S - a +2 cloak (worn)
Jewellery
 j - the ring of the Skies Above {rPois Int+3 Dex-3}
   (You found it in the Dungeon)

   [ring of poison resistance]

   It affects your intelligence (+3).
   It affects your dexterity (-3).
   It protects you from poison.
 p - an uncursed ring of ice {unknown}
 t - a +6 ring of strength
 E - the ring "Komn" (left hand) {Wiz rPois rN+ SInv}
   (You found it in the Dungeon)

   [ring of wizardry]

   It improves your spell success rate.
   It protects you from poison.
   It protects you from negative energy.
   It lets you see invisible.
 G - a +6 ring of strength (right hand)
 I - the amulet of the Last Songs (around neck) {+Rage rElec rF+ SInv}
   (You bought it in a shop in the Dungeon)

   [amulet of rage]

   It protects you from fire.
   It insulates you from electricity.
   It lets you see invisible.
   It lets you go berserk.
 L - an uncursed ring of see invisible
 P - an uncursed ring of protection from cold
 Q - an uncursed ring of fire
 R - an uncursed ring of protection from magic
Wands
 o - a wand of lightning (2/15)
 H - a wand of iceblast (13/15)
 X - a wand of acid (9/15)
Scrolls
 k - 2 scrolls of blinking
 n - 7 scrolls of remove curse
 w - 6 scrolls of fear
 x - 7 scrolls of enchant armour
 y - 9 scrolls of enchant weapon
 V - 6 scrolls of recharging
 W - 4 scrolls of identify
Potions
 d - 5 potions of might
 e - 7 potions of curing
 g - 8 potions of heal wounds
 h - 7 potions of haste
 m - a potion of invisibility
 q - 4 potions of brilliance
 u - a potion of agility
 z - a potion of berserk rage
 J - a potion of resistance
 N - 4 potions of mutation
 O - a potion of cancellation {unknown}
 Z - 6 potions of magic
Comestibles
 f - 13 bread rations
 B - 40 fruits


   Skills:
 O Level 27 Fighting
 O Level 27 Maces & Flails
 O Level 27 Throwing
 O Level 27 Armour
 O Level 27 Dodging
 O Level 27 Stealth
 O Level 27 Shields
 O Level 27 Unarmed Combat
 - Level 1.1 Spellcasting
 O Level 27 Evocations


You had 23 spell levels left.
You didn't know any spells.

Dungeon Overview and Level Annotations

Branches:
Dungeon (1/1)

Altars:
Cheibriados
Dithmenos
Elyvilon
Fedhas
Gozag
Hepliaklqana
Kikubaaqudgha
Makhleb
Nemelex Xobeh
Okawaru
Qazlal
Ru
Sif Muna
Trog
Uskayaw
Vehumet
Xom
Yredelemnul
Zin
The Shining One
Beogh
Jiyva
Lugonu

Shops:
D ?**=


Innate Abilities, Weirdness & Mutations

You reflexively headbutt those who attack you in melee.
You have a pair of horns on your head.
You are frail. (-10% HP)
Your magical capacity is low. (-10% MP)


Message History

You block the hell beast's attack. x2
You whack the hell beast! You freeze the hell beast.
The hell beast is moderately wounded.
You block the hell beast's attack. x2
You closely miss the hell beast. Your headbutt misses the hell beast.
The hell beast is moderately wounded.
You punish the hell beast, causing immense pain!!!
You freeze the hell beast.
The hell beast is severely wounded.
You block the hell beast's attack. x2
You thrash the hell beast!! You freeze the hell beast.
You kill the hell beast!
Trog accepts your kill.
You see here a trident.
There is an open door, spattered with blood here.
You see here a flail.
There is an open door to the Dungeon here.
You see here a dagger.
There is a staircase leading out of the dungeon here.
You have escaped!

▓▓▓▓▓▓▓▓▓▓▓▓▓▓▓▓▓▓
'.).).).....)...@▓
▓▓▓▓▓▓▓▓▓▓▓▓▓▓▓▓▓▓
......).........)▓
▓▓▓▓▓▓▓▓▓▓▓▓▓▓▓▓(▓
...[.....')[.....▓
▓▓▓▓▓▓▓▓▓▓▓▓▓▓▓▓▓▓
.......(.......).▓
▓▓▓▓▓▓▓▓▓▓▓▓▓▓▓▓)▓
...'.))..().)).()▓


There were no monsters in sight!

Vanquished Creatures
  8 pandemonium lords (D)
  A seraph (D)
  3 orbs of fire (D)
  Mara (D)
  Mennas (D)
  6 ancient liches (D)
  Boris (D)
  Sojobo (D)
  Frederick (D)
  A Killer Klown (D)
  Margery (D)
  Saint Roka (D)
  Xtahua (D)
  Nikola (D)
  2 golden dragons (D)
  A bone dragon (D)
  3 Tzitzimimeh (D)
  3 electric golems (D)
  Rupert (D)
  An Ice Fiend (D)
  A hellephant (D)
  5 liches (D)
  46 Orb Guardians (D)
  3 death cobs (D)
  Agnes (D)
  4 storm dragons (D)
  A thorn hunter (D)
  3 tengu reavers (D)
  Donald (D)
  9 shadow dragons (D)
  Ilsuiw (D)
  2 fire giants (D)
  5 nagarajas (D)
  3 draconian monks (D)
  A daeva (D)
  2 cacodemons (D)
  Louise (D)
  2 vault wardens (D)
  2 ghost moths (D)
  5 frost giants (D)
  A draconian scorcher (D)
  Aizul (D)
  3 draconian shifters (D)
  An angel (D)
  6 emperor scorpions (D)
  A balrug (D)
  A spriggan defender (D)
  A draconian stormcaller (D)
  A draconian annihilator (D)
  3 reapers (D)
  An ironheart preserver (D)
  2 very ugly things (D)
  4 stone giants (D)
  An entropy weaver (D)
  4 vampire knights (D)
  Nessos (D)
  6 green draconians (D)
  A red draconian (D)
  3 corrupters (D)
  3 lorocyprocas (D)
  2 purple draconians (D)
  4 yellow draconians (D)
  2 white draconians (D)
  A spark wasp (D)
  Snorg (D)
  3 ettins (D)
  5 merfolk impalers (D)
  5 fire dragons (D)
  A merfolk javelineer (D)
  4 yaktaur captains (D)
  2 green deaths (D)
  5 naga warriors (D)
  2 ogre magi (D)
  2 rakshasas (D)
  A great orb of eyes (D)
  25 vault guards (D)
  Erolcha (D)
  3 hell beasts (D)
  3 ice dragons (D)
  A monstrous demonspawn (D)
  2 hydras (D)
  4 merfolk aquamancers (D)
  A merfolk avatar (D)
  An alligator (D)
  2 two-headed ogres (D)
  A deep troll shaman (D)
  A spriggan berserker (D)
  Nergalle (D)
  6 sun demons (D)
  8 orc high priests (D)
  2 soul eaters (D)
  3 sixfirhies (D)
  5 gelid demonspawn (D)
  A sea snake (D)
  4 hell knights (D)
  A deep troll (D)
  An unseen horror (D)
  7 swamp dragons (D)
  3 shadow demons (D)
  A flayed ghost (D)
  A naga ritualist (D)
  A torturous demonspawn (D)
  2 ironbrand convokers (D)
  2 necromancers (D)
  A harpy (D)
  2 wolf spiders (D)
  An orc knight (D)
  An ugly thing (D)
  A deep elf mage (D)
  A salamander (shapeshifter) (D)
  2 cyclopes (D)
  16 moths of wrath (D)
  A manticore (D)
  3 guardian serpents (D)
  7 rust devils (D)
  2 black mambas (D)
  6 smoke demons (D)
  2 vault sentinels (D)
  4 spiny frogs (D)
  8 orange demons (D)
  A gargoyle (D)
  A rime drake (D)
  4 freezing wraiths (D)
  A hellion (D)
  8 hellwings (D)
  5 ice devils (D)
  2 komodo dragons (D)
  2 tormentors (D)
  4 yaktaurs (D)
  5 red devils (D)
  A demonic crawler (D)
  2 merfolk (D)
  6 polar bears (D)
  A troll (D)
  A wind drake (D)
  A jumping spider (D)
  A troll (shapeshifter) (D)
  A tyrant leech (D)
  A blink frog (D)
  A bog body (D)
  5 hornets (D)
  A blink frog (shapeshifter) (D)
  4 hippogriffs (D)
  3 slime creatures (D)
  A large abomination (D)
  A snapping turtle (D)
  2 redbacks (D)
  2 yaks (D)
  2 tarantellas (D)
  4 ynoxinuls (D)
  Eustachio (D)
  4 neqoxecs (D)
  6 chaos spawn (D)
  3 nagas (D)
  An acid dragon (D)
  3 water moccasins (D)
  A small abomination (D)
  A swamp drake (D)
  14 orc warriors (D)
  2 black bears (D)
  A necrophage (D)
  A wolf (D)
  A boggart (shapeshifter) (D)
  A centaur (D)
  2 crocodiles (D)
  2 bullfrogs (D)
  A wight (D)
  2 howler monkeys (D)
  5 crimson imps (D)
  4 quasits (D)
  A hound (D)
  7 orc priests (D)
  4 orc wizards (D)
  An iron imp (D)
  An adder (D)
  A white imp (D)
  2 ufetubi (D)
  An adder zombie (D)
  A leopard gecko (D)
  12 orcs (D)
  A giant cockroach (D)
  A kobold (D)
  2 quokkas (D)
  A bat (D)
  A frilled lizard (D)
  A giant cockroach zombie (D)
  A leopard gecko simulacrum (D)
  A rat (D)
544 creatures vanquished.

Vanquished Creatures (collateral kills)
  A Tzitzimitl (D)
  2 liches (D)
  A nagaraja (D)
  A draconian knight (D)
  A ghost moth (D)
  An emperor scorpion (D)
  A draconian annihilator (D)
  2 merfolk javelineers (D)
  A great orb of eyes (D)
  An ice dragon (D)
  2 hydras (D)
  A two-headed ogre (D)
  2 deep troll shamans (D)
  A soul eater (D)
  2 swamp dragons (D)
  A naga mage (D)
  A tormentor (D)
  A slime creature (D)
  A swamp drake (D)
  A jackal zombie (D)
25 creatures vanquished.

Vanquished Creatures (others)
  An anaconda (D)
  A tyrant leech (D)
  A chaos spawn (D)
3 creatures vanquished.

Grand Total: 572 creatures vanquished

Notes
Turn   | Place    | Note
-------+----------+-------------------------------------------
     0 | D        | wojtek the Minotaur Fighter began the quest for the Orb.
     0 | D        | Reached XP level 1. HP: 19/19 MP: 0/0
    33 | D        | Reached XP level 2. HP: 26/28 MP: 1/1
    35 | D        | Reached skill level 5 in Maces & Flails
    46 | D        | Found a roughly hewn altar of Beogh.
    46 | D        | Found a snail-covered altar of Cheibriados.
    46 | D        | Found a shadowy altar of Dithmenos.
    46 | D        | Found a white marble altar of Elyvilon.
    46 | D        | Found a blossoming altar of Fedhas.
    46 | D        | Found an opulent altar of Gozag.
    47 | D        | Found a hazy altar of Hepliaklqana.
    48 | D        | Found a viscous altar of Jiyva.
    49 | D        | Found an ancient bone altar of Kikubaaqudgha.
    50 | D        | Found a corrupted altar of Lugonu.
    51 | D        | Found a burning altar of Makhleb.
    52 | D        | Found a sparkling altar of Nemelex Xobeh.
    53 | D        | Found an iron altar of Okawaru.
    54 | D        | Found a stormy altar of Qazlal.
    55 | D        | Found a sacrificial altar of Ru.
    56 | D        | Found a deep blue altar of Sif Muna.
    57 | D        | Found a bloodstained altar of Trog.
    58 | D        | Found a hide-covered altar of Uskayaw.
    59 | D        | Found a radiant altar of Vehumet.
    61 | D        | Found a shimmering altar of Xom.
    62 | D        | Found a basalt altar of Yredelemnul.
    63 | D        | Found a glowing silver altar of Zin.
    64 | D        | Found a glowing golden altar of the Shining One.
    67 | D        | Became a worshipper of Trog the Wrathful
   112 | D        | Noticed a centaur
   112 | D        | Noticed a necrophage
   112 | D        | Noticed a howler monkey
   116 | D        | Killed a howler monkey
   116 | D        | Reached skill level 5 in Fighting
   116 | D        | Reached skill level 5 in Armour
   116 | D        | Reached XP level 3. HP: 37/37 MP: 2/2
   124 | D        | Killed a necrophage
   124 | D        | Reached * piety under Trog
   124 | D        | Reached XP level 4. HP: 40/46 MP: 3/3
   124 | D        | Reached XP level 5. HP: 44/51 MP: 4/4
   134 | D        | Killed a centaur
   134 | D        | Reached skill level 10 in Maces & Flails
   135 | D        | Reached ** piety under Trog
   135 | D        | Reached XP level 6. HP: 53/61 MP: 5/5
   145 | D        | Noticed a cyclops
   145 | D        | Noticed a hippogriff
   153 | D        | Killed a hippogriff
   167 | D        | Killed a cyclops
   167 | D        | Reached *** piety under Trog
   167 | D        | Reached skill level 10 in Fighting
   167 | D        | Reached skill level 10 in Armour
   167 | D        | Reached XP level 7. HP: 60/72 MP: 6/6
   307 | D        | Noticed a spiny frog
   307 | D        | Noticed a yak
   307 | D        | Noticed a spiny frog
   310 | D        | Noticed a rime drake
   313 | D        | Killed a spiny frog
   313 | D        | Reached XP level 8. HP: 54/81 MP: 7/7
   315 | D        | Reached **** piety under Trog
   315 | D        | Reached skill level 15 in Maces & Flails
   319 | D        | Noticed a spiny frog
   327 | D        | Reached ***** piety under Trog
   329 | D        | Killed a spiny frog
   331 | D        | Killed a rime drake
   331 | D        | Reached XP level 9. HP: 25/91 MP: 8/8
   339 | D        | Killed a spiny frog
   339 | D        | Received a gift from Trog
   610 | D        | Noticed a komodo dragon
   620 | D        | Noticed a komodo dragon
   633 | D        | Killed a komodo dragon
   640 | D        | HP: 4/92 [poisoned by a water moccasin]
   641 | D        | Killed a komodo dragon
   641 | D        | Received a gift from Trog
   988 | D        | Noticed a polar bear
   988 | D        | Noticed a polar bear
   988 | D        | Noticed a polar bear
   988 | D        | Noticed a polar bear
   988 | D        | Noticed a polar bear
   991 | D        | Noticed a polar bear
   994 | D        | Killed a polar bear
   994 | D        | Reached XP level 10. HP: 80/103 MP: 9/9
  1010 | D        | Received a gift from Trog
  1376 | D        | Received a gift from Trog
  1379 | D        | Reached ****** piety under Trog
  1424 | D        | Received a gift from Trog
  1425 | D        | Got a scorched demon whip {god gift}
  1426 | D        | Identified the +3 demon whip of Trog's Benevolence {freeze, Dex+3} (Trog gifted it to you in the Dungeon)
  1494 | D        | Noticed an orc high priest
  1497 | D        | Killed an orc high priest
  1497 | D        | Reached skill level 15 in Fighting
  1497 | D        | Reached skill level 1 in Dodging
  1508 | D        | Reached skill level 15 in Armour
  1522 | D        | Reached skill level 5 in Shields
  1524 | D        | Noticed an orc knight
  1562 | D        | Killed an orc knight
  1562 | D        | Received a gift from Trog
  1673 | D        | Found Usiulaur's Jewellery Boutique.
  1673 | D        | Noticed an orc high priest
  1673 | D        | Noticed an orc high priest
  1673 | D        | Noticed an orc high priest
  1675 | D        | Noticed an orange demon
  1685 | D        | Killed an orc high priest
  1685 | D        | Reached XP level 11. HP: 101/113 MP: 10/10
  1691 | D        | Noticed a soul eater
  1692 | D        | Killed an orc high priest
  1704 | D        | Killed an orc high priest
  1704 | D        | Reached skill level 5 in Dodging
  1708 | D        | Found Loteh's General Store.
  1710 | D        | Received a gift from Trog
  2040 | D        | Noticed an orc high priest
  2041 | D        | Noticed a sixfirhy
  2046 | D        | Killed an orc high priest
  2056 | D        | Noticed an orc high priest
  2059 | D        | Found Xoseumo's Assorted Antiques.
  2064 | D        | Killed an orc high priest
  2065 | D        | Found Godutak's Magic Scroll Shop.
  2080 | D        | Noticed an orc high priest
  2081 | D        | Noticed an orc high priest
  2087 | D        | Killed an orc high priest
  2092 | D        | Killed an orc high priest
  2100 | D        | Bought a scroll of enchant weapon for 135 gold pieces
  2200 | D        | Noticed Erolcha
  2218 | D        | Killed Erolcha
  2218 | D        | Received a gift from Trog
  2242 | D        | Noticed Eustachio
  2273 | D        | Killed Eustachio
  2297 | D        | Bought a potion of haste for 130 gold pieces
  2297 | D        | Bought 21 stones for 27 gold pieces
  2297 | D        | Bought a potion of resistance for 130 gold pieces
  2299 | D        | Bought a runed leather armour for 90 gold pieces
  2299 | D        | Bought a brown potion for 16 gold pieces
  2299 | D        | Bought a runed hunting sling for 81 gold pieces
  2299 | D        | Bought a murky silvery potion for 16 gold pieces
  2299 | D        | Bought a ruby potion for 16 gold pieces
  2462 | D        | Noticed a two-headed ogre
  2462 | D        | Noticed a two-headed ogre
  2465 | D        | Noticed a two-headed ogre
  2466 | D        | Killed a two-headed ogre
  2479 | D        | Noticed a deep troll shaman
  2481 | D        | Noticed a lich
  2484 | D        | Killed a two-headed ogre
  2484 | D        | Received a gift from Trog
  2496 | D        | Killed a lich
  2496 | D        | Reached XP level 12. HP: 45/124 MP: 11/11
  2502 | D        | Killed a two-headed ogre
  2502 | D        | Reached skill level 10 in Shields
  2509 | D        | Killed a deep troll shaman
  2510 | D        | Received a gift from Trog
  2529 | D        | Noticed a fire giant
  2568 | D        | Killed a fire giant
  2626 | D        | Noticed an ettin
  2634 | D        | Killed an ettin
  2895 | D        | Noticed an ettin
  2904 | D        | Killed an ettin
  3096 | D        | Noticed Nergalle
  3118 | D        | Killed Nergalle
  3118 | D        | Received a gift from Trog
  3145 | D        | Noticed Rupert
  3147 | D        | Noticed Snorg
  3162 | D        | Killed Rupert
  3162 | D        | Reached skill level 10 in Dodging
  3176 | D        | Killed Snorg
  3505 | D        | Noticed Nessos
  3517 | D        | Killed Nessos
  3680 | D        | Noticed a spark wasp
  3683 | D        | Received a gift from Trog
  3690 | D        | Noticed an emperor scorpion
  3716 | D        | Killed a spark wasp
  3728 | D        | Killed an emperor scorpion
  3728 | D        | Reached XP level 13. HP: 106/134 MP: 12/12
  3854 | D        | Received a gift from Trog
  4216 | D        | Received a gift from Trog
  4412 | D        | Noticed a thorn hunter
  4434 | D        | Got an ivory demon whip {god gift}
  4824 | D        | Identified the +12 demon whip of the Vulture {freeze, rF+ rN+} (Trog gifted it to you in the Dungeon)
  5291 | D        | Killed a thorn hunter
  5300 | D        | Received a gift from Trog
  5439 | D        | Received a gift from Trog
  5725 | D        | Noticed Saint Roka
  5746 | D        | Killed Saint Roka
  5753 | D        | Received a gift from Trog
  6032 | D        | Noticed a fire giant
  6032 | D        | Noticed a green very ugly thing
  6032 | D        | Noticed a stone giant
  6048 | D        | Killed a stone giant
  6059 | D        | Killed a green very ugly thing
  6082 | D        | Killed a fire giant
  6082 | D        | Reached skill level 15 in Shields
  6082 | D        | Reached XP level 14. HP: 103/147 MP: 13/13
  6106 | D        | Received a gift from Trog
  6402 | D        | Noticed a spriggan defender
  6403 | D        | Noticed a stone giant
  6414 | D        | Killed a spriggan defender
  6422 | D        | Killed a stone giant
  6422 | D        | Received a gift from Trog
  6636 | D        | Noticed a frost giant
  6637 | D        | Noticed a frost giant
  6638 | D        | Noticed a tengu reaver
  6643 | D        | Killed a frost giant
  6651 | D        | Killed a frost giant
  6733 | D        | Killed a tengu reaver
  6733 | D        | Received a gift from Trog
  7170 | D        | Reached skill level 27 in Maces & Flails
  7175 | D        | Received a gift from Trog
  7186 | D        | Reached skill level 15 in Dodging
  7190 | D        | Noticed a stone giant
  7191 | D        | Noticed an ironheart preserver
  7199 | D        | Received a gift from Trog
  7203 | D        | Killed an ironheart preserver
  7212 | D        | Killed a stone giant
  7213 | D        | Received a gift from Trog
  7236 | D        | Received a gift from Trog
  7264 | D        | Received a gift from Trog
  7549 | D        | Noticed Donald
  7581 | D        | Killed Donald
  7973 | D        | Noticed Mara
  7985 | D        | Noticed wojtek's illusion
  8063 | D        | HP: 7/151 [Mara (illusionary)/demon trident of electrocution (16)]
  8070 | D        | Killed Mara
  8070 | D        | Reached XP level 15. HP: 68/160 MP: 14/14
  8595 | D        | Killed a ghost moth
  8606 | D        | Received a gift from Trog
  8965 | D        | Killed a ghost moth
  8972 | D        | Killed a ghost moth
  8993 | D        | Got a gossamer rune of Zot
  9107 | D        | Received a gift from Trog
  9117 | D        | Received a gift from Trog
  9375 | D        | Got a decaying rune of Zot
  9394 | D        | Noticed Ilsuiw
  9469 | D        | Killed Ilsuiw
  9476 | D        | Received a gift from Trog
  9863 | D        | Received a gift from Trog
  9871 | D        | Got a barnacled rune of Zot
  9941 | D        | Noticed a nagaraja
  9941 | D        | Noticed a nagaraja
  9942 | D        | Noticed a nagaraja
  9946 | D        | Killed a nagaraja
  9947 | D        | Noticed a nagaraja
  9949 | D        | Killed a nagaraja
  9954 | D        | Noticed a nagaraja
  9973 | D        | Killed a nagaraja
  9981 | D        | Noticed a nagaraja
  9982 | D        | Killed a nagaraja
  9985 | D        | Killed a nagaraja
  9985 | D        | Received a gift from Trog
  9989 | D        | Killed a nagaraja
  9997 | D        | Received a gift from Trog
  9997 | D        | Reached XP level 16. HP: 136/177 MP: 15/15
 10344 | D        | Got a serpentine rune of Zot
 10356 | D        | Noticed Louise
 10363 | D        | Noticed a tengu reaver
 10385 | D        | Killed Louise
 10398 | D        | Killed a tengu reaver
 10398 | D        | Received a gift from Trog
 10550 | D        | Noticed Sojobo
 10557 | D        | Killed Sojobo
 10694 | D        | Noticed Aizul
 10703 | D        | Killed Aizul
 10798 | D        | Received a gift from Trog
 10842 | D        | Got a polished dire flail {god gift}
 10885 | D        | Received a gift from Trog
 10948 | D        | Received a gift from Trog
 11800 | D        | Bought the amulet of the Last Songs {+Rage rElec rF+ SInv} for 652 gold pieces
 11801 | D        | Bought an uncursed ring of see invisible for 150 gold pieces
 11803 | D        | Bought 2 scrolls of enchant weapon for 195 gold pieces
 11807 | D        | Bought a scroll of identify for 22 gold pieces
 11807 | D        | Bought 2 scrolls of identify for 44 gold pieces
 11807 | D        | Bought a scroll of remove curse for 33 gold pieces
 12594 | D        | Noticed an ancient lich
 12601 | D        | Received a gift from Trog
 12629 | D        | Killed an ancient lich
 12634 | D        | Received a gift from Trog
 12638 | D        | Received a gift from Trog
 12647 | D        | Reached skill level 27 in Fighting
 12647 | D        | Reached skill level 27 in Armour
 12675 | D        | Noticed a shadow dragon
 12916 | D        | Killed a shadow dragon
 12916 | D        | Received a gift from Trog
 12924 | D        | Noticed a shadow dragon
 12940 | D        | Killed a shadow dragon
 12986 | D        | Noticed a shadow dragon
 12986 | D        | Noticed a shadow dragon
 12986 | D        | Noticed a golden dragon
 12986 | D        | Noticed a shadow dragon
 12987 | D        | Noticed an ancient lich
 12992 | D        | Received a gift from Trog
 12992 | D        | Reached XP level 17. HP: 191/191 MP: 16/16
 12999 | D        | Killed a golden dragon
 13004 | D        | Killed an ancient lich
 13019 | D        | Reached skill level 27 in Shields
 13027 | D        | Received a gift from Trog
 13065 | D        | Got a silver rune of Zot
 13066 | D        | Identified the Volume of Enchanting Combat Magic
 13071 | D        | Got a fine scale mail
 13073 | D        | Identified the +2 scale mail of Ennui {Int+2} (You found it in the Dungeon)
 13284 | D        | Received a gift from Trog
 13293 | D        | Noticed Margery
 13313 | D        | Killed Margery
 13313 | D        | Reached skill level 27 in Dodging
 13321 | D        | Received a gift from Trog
 13321 | D        | Reached skill level 5 in Evocations
 13327 | D        | Got a brightly glowing morningstar {god gift}
 13399 | D        | Noticed Mennas
 13441 | D        | Killed Mennas
 13441 | D        | Reached skill level 10 in Evocations
 13541 | D        | Noticed Agnes
 13551 | D        | Killed Agnes
 13588 | D        | Noticed Frederick
 13590 | D        | Noticed Nikola
 13597 | D        | Killed Frederick
 13604 | D        | Killed Nikola
 13604 | D        | Received a gift from Trog
 13610 | D        | Noticed Xtahua
 13664 | D        | Paralysed by Xtahua for 2 turns
 13667 | D        | Killed Xtahua
 13667 | D        | Reached skill level 15 in Evocations
 13867 | D        | Got the ring "Komn" {Wiz rPois rN+ SInv}
 13869 | D        | Got the ring "Laoj" {rElec rF+ rN+ Dex+4}
 14148 | D        | Got the ring "Kimp" {*Slow Str+6 Dex+3 SInv}
 14150 | D        | Got the ring of the Skies Above {rPois Int+3 Dex-3}
 14152 | D        | Got the amulet "Ofaigiaf" {+Rage rElec}
 14192 | D        | Got the +2 swamp dragon scales "Asseb" {rPois Stlth+}
 14195 | D        | Got the +2 swamp dragon scales "Vinar" {+Fly rPois rCorr Dex+2}
 14304 | D        | Noticed Boris
 14327 | D        | Killed Boris
 14418 | D        | Received a gift from Trog
 14530 | D        | Noticed a bone dragon
 14550 | D        | Killed a bone dragon
 14550 | D        | Received a gift from Trog
 14550 | D        | Reached XP level 18. HP: 188/200 MP: 29/31
 14652 | D        | Received a gift from Trog
 14774 | D        | Received a gift from Trog
 14787 | D        | Received a gift from Trog
 14843 | D        | Received a gift from Trog
 15076 | D        | Received a gift from Trog
 15125 | D        | Received a gift from Trog
 15162 | D        | Received a gift from Trog
 15198 | D        | Received a gift from Trog
 15417 | D        | Received a gift from Trog
 15433 | D        | Reached skill level 27 in Evocations
 15433 | D        | Reached skill level 1 in Spellcasting
 15681 | D        | Noticed an Orb Guardian
 15681 | D        | Noticed an Orb Guardian
 15681 | D        | Noticed an Orb Guardian
 15681 | D        | Noticed an Orb Guardian
 15681 | D        | Noticed an Orb Guardian
 15681 | D        | Noticed an Orb Guardian
 15692 | D        | Killed an Orb Guardian
 15701 | D        | Killed an Orb Guardian
 15701 | D        | Reached skill level 5 in Throwing
 15701 | D        | Reached skill level 5 in Stealth
 15708 | D        | Killed an Orb Guardian
 15711 | D        | Killed an Orb Guardian
 15711 | D        | Received a gift from Trog
 15714 | D        | Killed an Orb Guardian
 15720 | D        | Killed an Orb Guardian
 15812 | D        | Noticed an Orb Guardian
 15813 | D        | Noticed an Orb Guardian
 15814 | D        | Noticed an Orb Guardian
 15815 | D        | Noticed an Orb Guardian
 15823 | D        | Killed an Orb Guardian
 15823 | D        | Reached skill level 10 in Throwing
 15829 | D        | Killed an Orb Guardian
 15829 | D        | Reached skill level 10 in Stealth
 15835 | D        | Killed an Orb Guardian
 15842 | D        | Killed an Orb Guardian
 15842 | D        | Received a gift from Trog
 15866 | D        | Noticed a golden dragon
 15866 | D        | Noticed an Orb Guardian
 15866 | D        | Noticed an Orb Guardian
 15867 | D        | Noticed an Orb Guardian
 15878 | D        | Noticed an Orb Guardian
 15880 | D        | Killed an Orb Guardian
 15880 | D        | Reached XP level 19. HP: 207/207 MP: 35/35
 15895 | D        | Killed a golden dragon
 15901 | D        | Reached skill level 15 in Throwing
 15911 | D        | Received a gift from Trog
 15935 | D        | Noticed an ancient lich
 15938 | D        | Killed an ancient lich
 15938 | D        | Reached skill level 15 in Stealth
 15940 | D        | Noticed an orb of fire
 15952 | D        | Killed an orb of fire
 15983 | D        | Noticed an electric golem
 15991 | D        | Killed an electric golem
 15994 | D        | Noticed an electric golem
 15994 | D        | Noticed an ancient lich
 15994 | D        | Noticed an orb of fire
 15994 | D        | Noticed an electric golem
 16006 | D        | Noticed an orb of fire
 16014 | D        | Killed an orb of fire
 16020 | D        | Killed an ancient lich
 16020 | D        | Received a gift from Trog
 16037 | D        | Killed an orb of fire
 16050 | D        | Received a gift from Trog
 16053 | D        | Noticed a Killer Klown
 16081 | D        | Killed an electric golem
 16124 | D        | Killed an electric golem
 16127 | D        | Killed a Killer Klown
 16414 | D        | Got a twisted mace {god gift}
 16433 | D        | Received a gift from Trog
 16473 | D        | Received a gift from Trog
 16478 | D        | Received a gift from Trog
 16510 | D        | Reached XP level 20. HP: 197/216 MP: 36/36
 16572 | D        | Received a gift from Trog
 16693 | D        | Noticed an ancient lich
 16693 | D        | Noticed an ancient lich
 16713 | D        | Received a gift from Trog
 16729 | D        | Killed an ancient lich
 16729 | D        | Received a gift from Trog
 16734 | D        | Received a gift from Trog
 16747 | D        | Killed an ancient lich
 16754 | D        | Received a gift from Trog
 16773 | D        | Received a gift from Trog
 16773 | D        | Reached skill level 27 in Throwing
 16794 | D        | Received a gift from Trog
 16883 | D        | Got the Orb of Zot
 17288 | D        | Received a gift from Trog
 17468 | D        | Reached skill level 27 in Stealth
 17594 | D        | Received a gift from Trog
 17703 | D        | Noticed Vilel the pandemonium lord
 17721 | D        | Killed Vilel the pandemonium lord
 17721 | D        | Reached skill level 15 in Unarmed Combat
 17737 | D        | Gained mutation: You are frail. (-10% HP) [a cacodemon]
 17743 | D        | Received a gift from Trog
 17755 | D        | Received a gift from Trog
 17896 | D        | Received a gift from Trog
 17899 | D        | Gained mutation: Your magical capacity is low. (-10% MP) [a neqoxec]
 17922 | D        | Received a gift from Trog
 18197 | D        | Received a gift from Trog
 18249 | D        | Reached XP level 21. HP: 165/201 MP: 33/33
 18256 | D        | Received a gift from Trog
 18326 | D        | Received a gift from Trog
 18329 | D        | Noticed Nebecase the pandemonium lord
 18348 | D        | Killed Nebecase the pandemonium lord
 18369 | D        | Noticed Usyel Atea the pandemonium lord
 18377 | D        | Received a gift from Trog
 18402 | D        | Killed Usyel Atea the pandemonium lord
 18402 | D        | Received a gift from Trog
 18434 | D        | Received a gift from Trog
 18527 | D        | Received a gift from Trog
 18687 | D        | Received a gift from Trog
 18688 | D        | Noticed Xiecezah the pandemonium lord
 18690 | D        | Noticed Kefoc the pandemonium lord
 18694 | D        | Noticed Amuoteaff the pandemonium lord
 18695 | D        | Received a gift from Trog
 18712 | D        | Killed Xiecezah the pandemonium lord
 18712 | D        | Reached skill level 27 in Unarmed Combat
 18739 | D        | Killed Kefoc the pandemonium lord
 18752 | D        | Killed Amuoteaff the pandemonium lord
 18755 | D        | Received a gift from Trog
 18890 | D        | Received a gift from Trog
 18985 | D        | Noticed a seraph
 19012 | D        | Killed a seraph
 19029 | D        | Received a gift from Trog
 19061 | D        | Received a gift from Trog
 19072 | D        | Noticed Avvew the pandemonium lord
 19089 | D        | Received a gift from Trog
 19310 | D        | Received a gift from Trog
 19325 | D        | Received a gift from Trog
 19355 | D        | Received a gift from Trog
 19368 | D        | Killed Avvew the pandemonium lord
 19392 | D        | Received a gift from Trog
 19680 | D        | Received a gift from Trog
 19721 | D        | Received a gift from Trog
 19888 | D        | Received a gift from Trog
 19905 | D        | Received a gift from Trog
 19997 | D        | Received a gift from Trog
 20047 | D        | Received a gift from Trog
 20056 | D        | Received a gift from Trog
 20063 | D        | Reached XP level 22. HP: 209/209 MP: 34/34
 20151 | D        | Noticed Mekiun the pandemonium lord
 20163 | D        | Received a gift from Trog
 20185 | D        | Killed Mekiun the pandemonium lord
 20215 | D        | Escaped with the Orb!

Skill      XL: |  1  2  3  4  5  6  7  8  9 10 11 12 13 14 15 16 17 18 19 20 21 |
---------------+----------------------------------------------------------------+-----
Maces & Flails | 4 6 9 11 13 14 16 18 20 22 23 26 27 | 27.0
Armour         | 4 5 7 8 10 11 12 13 15 16 18 19 22 24 27 | 27.0
Fighting       | 4 5 7 8 10 11 12 14 15 16 18 19 22 24 27 | 27.0
Dodging        | 4 8 11 13 16 20 23 27 | 27.0
Shields        | 6 9 12 15 18 21 25 27 | 27.0
Evocations     | 20 27 | 27.0
Spellcasting   | 1 |  1.1
Throwing       | 13 23 27 | 27.0
Stealth        | 12 22 27 | 27.0
Unarmed Combat | 22 27 | 27.0

Action                   |  1- 3 |  4- 6 |  7- 9 | 10-12 | 13-15 | 16-18 | 19-21 | 22-24 || total
-------------------------+-------+-------+-------+-------+-------+-------+-------+-------++-------
Melee: Flail             |    20 |       |       |       |       |       |       |       ||    20
       Headbutt          |     5 |     8 |    20 |    63 |   145 |   229 |   241 |    19 ||   730
       Morningstar       |    12 |    30 |    40 |       |       |       |       |       ||    82
       Great mace        |       |       |    38 |    41 |       |       |       |       ||    79
       Demon whip        |       |       |       |   204 |   582 |   728 |   866 |    66 ||  2446
Throw: Throwing net      |       |       |       |       |       |     1 |       |       ||     1
Invok: Brothers in Arms  |       |       |       |     1 |    14 |     4 |    10 |     1 ||    30
       Berserk           |       |       |       |       |     6 |     4 |     5 |       ||    15
Evoke: Wand              |       |       |       |     4 |       |     1 |     1 |       ||     6
  Use: Potion            |       |       |     1 |       |     7 |       |     4 |       ||    12
       Scroll            |       |       |       |       |     1 |     2 |     2 |       ||     5
 Stab: Distracted        |       |       |       |       |     2 |       |     7 |       ||     9
       Held in net/web   |       |       |       |       |       |     1 |       |       ||     1
       Sleeping          |       |       |       |       |       |       |     6 |       ||     6
  Eat: Chunk             |       |       |       |     7 |     1 |     5 |     7 |       ||    20
       Bread ration      |       |       |       |     1 |       |       |       |       ||     1
       Meat ration       |       |       |       |       |     6 |     3 |     4 |       ||    13
Armor: Scale mail        |     8 |       |       |       |       |       |       |       ||     8
       Plate armour      |     4 |    29 |    26 |    29 |       |       |       |       ||    88
       Storm dragon scal |       |       |       |    33 |    66 |       |       |       ||    99
       Ice dragon scales |       |       |       |       |    61 |    87 |    79 |     3 ||   230
Dodge: Dodged            |     2 |    10 |    19 |    54 |   173 |   150 |   172 |     3 ||   583
Block: Shield            |    13 |    21 |     7 |    87 |   278 |   148 |       |       ||   554
       Large shield      |       |       |       |       |       |   244 |   588 |    38 ||   870
